Map: Blackburn LE

Players

Harstem - Winner!

  • Race: Protoss Protoss

Kas

  • Race: Terran Terran

Event: DreamHack SC2 Masters 2021 Fall

VOD

Have the link to the VOD?

Description

Time

  • Played on: Aug. 6, 2021, 12:34 p.m.
  • Length: 13:24

All games in this series

Show
View Real Time Build Order
Export as new Build Order

Harstem Protoss - Winner!

Build Orders: 1 Gate Expand, Blink Stalkers, Colossus Rush 

Get SALT Encoding   

  12  0:00  Probe  
  13  0:12  Probe  
  14  0:18  Pylon  
  14  0:24  Probe  
  15  0:36  Probe  
  15  0:37  Gateway  
  16  0:48  Probe  
  17  1:07  Nexus  
  17  1:13  Assimilator  
  17  1:15  Probe  
  18  1:25  Cybernetics Core  
  18  1:29  Probe (Chrono Boost)  
  20  1:40  Pylon, Probe (Chrono Boost)  
  20  1:44  Probe (Chrono Boost)  
  21  1:52  Assimilator  
  21  1:55  Probe  
  21  2:00  Adept (Chrono Boost)  
  22  2:05  Warp Gate  
  22  2:07  Probe  
  25  2:20  Probe (Chrono Boost)  
  26  2:23  Probe (Chrono Boost)  
  27  2:36  Probe (Chrono Boost)  
  28  2:37  Twilight Council, Probe (Chrono Boost)  
  28  2:43  Gateway, Probe (Chrono Boost)  
  29  2:44  Probe (Chrono Boost)  
  29  2:50  Stalker (Chrono Boost)  
  30  2:56  Probe  
  30  2:57  Probe  
  34  3:03  Shield Battery  
  34  3:08  Probe  
  34  3:09  Probe  
  34  3:12  Stalker  
  36  3:13  Blink (Chrono Boost)  
  38  3:22  Probe  
  38  3:24  Probe  
  40  3:36  Robotics Facility  
  40  3:39  Pylon, Probe  
  40  3:40  Probe  
  42  3:46  Gateway  
  42  3:51  Probe  
  42  3:53  Probe  
  43  3:57  Stalker  
  43  3:58  Stalker  
  47  4:03  Probe  
  47  4:05  Probe  
  47  4:09  Assimilator  
  49  4:15  Probe  
  50  4:17  Probe  
  50  4:22  Stalker  
  53  4:26  Gateway  
  53  4:27  Probe  
  53  4:28  Pylon  
  54  4:34  Pylon  
  54  4:40  Pylon  
  54  4:46  Probe x2, Robotics Bay  
  54  4:48  Assimilator, Stalker  
  58  4:53  Observer  
  58  4:58  Probe x2  
  61  5:03  Stalker  
  61  5:06  Nexus  
  63  5:10  Probe x2  
  65  5:14  Stalker  
  65  5:16  Pylon, Observer  
  65  5:20  Gateway  
  68  5:22  Probe x2  
  68  5:28  Stalker  
  72  5:31  Forge  
  72  5:34  Observer  
  73  5:37  Colossus (Chrono Boost)  
  73  5:42  Probe  
  79  5:45  Probe  
  79  5:46  Pylon  
  80  5:51  Shield Battery  
  80  5:54  Probe (Chrono Boost)  
  81  6:01  Probe (Chrono Boost)  
  82  6:05  Protoss Ground Weapons Level 1 (Chrono Boost)  
  82  6:06  Probe (Chrono Boost)  
  82  6:08  Stalker x2  
  87  6:13  Probe x2 (Chrono Boost)  
  88  6:19  Probe  
  88  6:21  Extended Thermal Lance  
  88  6:22  Charge  
  88  6:24  Probe  
  90  6:28  Probe  
  92  6:35  Stalker  
  95  6:41  Colossus (Chrono Boost)  
  95  6:43  Gateway  
  95  6:45  Gateway  
  99  6:53  Nexus  
  99  6:54  Pylon  
  99  6:55  Probe  
  99  7:00  Probe  
  101  7:01  Probe  
  101  7:03  Assimilator  
  101  7:08  Assimilator  
  102  7:10  Pylon  
  102  7:13  Sentry, Zealot  
  102  7:14  Zealot  
  106  7:16  Gateway  
  106  7:19  Observer  
  106  7:20  Colossus (Chrono Boost), Probe  
  113  7:24  Probe  
  113  7:25  Pylon  
  113  7:26  Probe  
  115  7:32  Probe  
  115  7:33  Templar Archives  
  115  7:34  Pylon  
  115  7:36  Probe  
  117  7:39  Photon Cannon  
  115  7:54  Zealot x3  
  115  7:55  Zealot x2  
  115  7:57  Pylon  
  125  8:01  Probe  
  126  8:09  Gateway  
  126  8:10  Probe x2  
  126  8:11  Gateway  
  129  8:14  Gateway  
  129  8:15  Gateway, Immortal (Chrono Boost)  
  129  8:16  Protoss Ground Weapons Level 2 (Chrono Boost)  
  132  8:22  High Templar  
  132  8:24  High Templar x2  
  132  8:25  High Templar  
  140  8:31  Archon  
  140  8:33  Archon  
  138  8:37  Zealot x2  
  142  8:44  Immortal (Chrono Boost)  
  146  8:51  Pylon  
  146  8:52  Probe  
  144  8:58  Stalker x5  
  152  9:05  Pylon  
  152  9:11  Probe (Chrono Boost)  
  152  9:14  Pylon, Immortal (Chrono Boost)  
  157  9:17  High Templar x2, Zealot  
  157  9:24  Archon, Probe (Chrono Boost)  
  164  9:34  Probe  
  164  9:35  Probe x2  
  164  9:37  Assimilator  
  165  9:41  Assimilator, Dark Shrine  
  165  9:42  Robotics Facility  
  165  9:43  Disruptor (Chrono Boost)  
  163  9:49  Probe  
  163  9:52  Probe  
  168  9:58  Pylon  
  168  9:59  Photon Cannon x2  
  168  10:01  Nexus, Photon Cannon x2  
  168  10:03  Shield Battery  
  168  10:12  Forge  
  168  10:22  Disruptor (Chrono Boost)  
  171  10:36  Disruptor (Chrono Boost)  
  174  10:43  Pylon  
  174  10:45  Pylon  
  174  10:46  Photon Cannon  
  174  10:47  Pylon, Protoss Ground Armor Level 1 (Chrono Boost), Shield Battery, Probe  
  174  10:48  Pylon  
  178  10:50  Disruptor (Chrono Boost)  
  178  10:52  Gateway  
  178  10:53  Gateway  
  178  10:56  Pylon  
  178  11:03  Observer  
  178  11:04  Disruptor  
  177  11:15  Zealot x10  
  195  11:22  Disruptor  
  196  11:30  Probe  
  191  11:44  Disruptor  
  189  11:48  Zealot x6  
  199  11:58  Disruptor  
  176  12:10  Stalker x9  
  176  12:11  Stalker x3  
  186  12:33  Zealot x4  
  186  12:34  Zealot x5  
  184  12:47  Probe x4 (Chrono Boost)  
  184  12:49  Stalker x3, Probe (Chrono Boost)  
  199  12:59  Probe x4 (Chrono Boost)  
  199  13:03  Probe (Chrono Boost)  
  166  13:21  Zealot x10  
  166  13:22  Zealot x2  
Show
View Real Time Build Order
Export as new Build Order

Kas Terran 

Build Orders:  

Get SALT Encoding   

  12  0:00  SCV  
  13  0:12  SCV  
  14  0:17  Supply Depot  
  14  0:24  SCV  
  15  0:30  Refinery  
  15  0:38  SCV  
  16  0:44  Barracks  
  16  0:50  SCV  
  17  1:02  SCV  
  18  1:15  SCV  
  19  1:31  Marine, Orbital Command  
  19  1:32  Factory  
  20  1:39  Supply Depot  
  20  1:51  Barracks Reactor  
  20  1:57  SCV  
  21  2:08  Command Center  
  21  2:11  SCV  
  22  2:24  SCV  
  22  2:27  Supply Depot  
  23  2:32  Hellion x2  
  23  2:36  SCV  
  28  2:41  Starport  
  28  2:49  Reaper  
  29  2:51  SCV  
  29  2:56  Hellion  
  29  2:57  Hellion  
  34  3:02  Refinery  
  34  3:03  SCV  
  35  3:15  SCV  
  36  3:22  Viking, Orbital Command  
  38  3:27  SCV, Factory Tech Lab  
  38  3:28  Marine  
  38  3:29  Marine  
  41  3:37  Supply Depot  
  41  3:39  SCV  
  41  3:51  Marine x2, SCV  
  41  3:52  SCV, Siege Tank  
  48  3:55  Starport Tech Lab  
  48  4:01  Supply Depot  
  48  4:03  SCV  
  48  4:05  SCV  
  50  4:13  Marine x2  
  50  4:15  Bunker, SCV  
  53  4:19  SCV  
  54  4:25  Supply Depot  
  54  4:27  SCV  
  54  4:28  Siege Tank  
  58  4:31  SCV  
  58  4:34  Marine x2  
  58  4:35  Refinery  
  61  4:39  SCV  
  61  4:41  Viking  
  61  4:45  Bunker  
  64  4:51  Marine  
  64  4:52  Marine  
  66  4:53  SCV  
  66  4:57  Supply Depot  
  66  4:59  Barracks  
  63  5:04  Barracks  
  63  5:05  SCV  
  62  5:07  Siege Tank  
  62  5:09  Marine  
  62  5:10  SCV  
  62  5:12  Marine  
  66  5:18  SCV  
  67  5:24  SCV  
  67  5:25  Raven  
  67  5:27  Marine  
  71  5:30  Supply Depot, Engineering Bay  
  71  5:32  Refinery, SCV  
  72  5:36  SCV  
  73  5:44  SCV  
  73  5:48  Factory Reactor, Command Center  
  74  5:50  SCV  
  74  5:53  Supply Depot  
  75  5:57  SCV  
  75  5:58  Terran Infantry Weapons Level 1  
  75  6:00  Marine x2  
  75  6:02  SCV, Marauder  
  81  6:09  SCV  
  82  6:13  Stimpack  
  82  6:14  SCV  
  82  6:17  Combat Shield  
  83  6:19  Marauder  
  83  6:20  Medivac  
  83  6:24  SCV  
  88  6:27  Marine x2, Marauder  
  88  6:30  Supply Depot  
  94  6:33  Widow Mine  
  94  6:34  Widow Mine  
  94  6:37  SCV  
  94  6:38  SCV  
  100  6:47  Marauder  
  100  6:48  Marauder  
  100  6:51  Marine x2  
  104  6:56  Supply Depot  
  104  6:57  Supply Depot  
  104  7:00  Orbital Command  
  104  7:01  SCV  
  104  7:03  Factory Reactor  
  109  7:08  Marauder  
  109  7:12  SCV  
  109  7:13  SCV, Marauder  
  109  7:14  Marine x2, Medivac x2  
  117  7:24  SCV  
  117  7:27  Orbital Command  
  117  7:28  Supply Depot  
  118  7:30  SCV  
  118  7:31  Marine x2, Marauder  
  118  7:33  Barracks  
  118  7:34  Supply Depot, Barracks, Marauder  
  118  7:36  Supply Depot  
  125  7:38  SCV  
  124  7:49  Marine  
  125  7:52  SCV x2, Marauder  
  125  7:53  SCV  
  125  7:56  Widow Mine x2, Medivac x2, Marauder  
  140  8:00  Supply Depot  
  140  8:03  Concussive Shells  
  140  8:05  Missile Turret  
  140  8:09  Missile Turret  
  140  8:10  Refinery, SCV x2  
  142  8:14  Marauder  
  142  8:16  Marine x2  
  142  8:17  Marauder  
  142  8:19  Widow Mine  
  150  8:20  SCV  
  150  8:22  SCV  
  152  8:30  Medivac  
  152  8:31  Medivac  
  152  8:32  Barracks Reactor, Barracks Tech Lab  
  153  8:35  Marauder  
  153  8:38  Supply Depot  
  153  8:39  Marauder  
  154  8:48  SCV x2  
  154  8:49  Marine x2  
  154  8:51  Marauder  
  154  8:54  Command Center  
  158  8:56  Marauder  
  158  9:00  Marauder  
  160  9:09  Marine  
  153  9:12  Marauder  
  153  9:13  Marine, Widow Mine x2, Medivac x2  
  164  9:17  Refinery  
  164  9:18  Sensor Tower, Marauder  
  164  9:19  Missile Turret  
  164  9:21  Marauder  
  168  9:27  Ghost Academy  
  168  9:29  Barracks x2  
  168  9:34  Marauder  
  168  9:40  Marine, Marauder  
  168  9:41  Marine x2  
  168  9:43  Marauder  
  168  9:44  Armory  
  175  9:47  Viking, Engineering Bay  
  175  9:50  Viking  
  179  9:55  Armory  
  179  9:57  Terran Infantry Armor Level 1  
  179  10:03  Ghost  
  179  10:05  Enhanced Shockwaves  
  179  10:06  Ghost  
  183  10:11  Ghost  
  183  10:12  Marine x3  
  186  10:20  Barracks Tech Lab x2  
  186  10:28  Viking x2  
  190  10:32  Ghost  
  190  10:35  Marauder, Missile Turret  
  194  10:38  Planetary Fortress  
  194  10:40  Marauder  
  194  10:42  Supply Depot  
  196  10:49  Terran Infantry Weapons Level 2  
  194  11:15  Ghost x2  
  194  11:17  Marauder  
  191  11:32  Ghost  
  178  11:47  Marine x2, Marauder x2  
  178  11:51  Marauder x2  
  178  11:53  Marine x2  
  187  11:54  Medivac  
  187  11:55  Medivac  
  169  12:02  Marauder  
  169  12:05  Marine x2  
  169  12:08  Marine, Marauder  
  159  12:11  Marine x2, Widow Mine x2  
  159  12:12  SCV, Marauder x2  
  159  12:13  SCV  
  159  12:15  SCV x2  
  174  12:19  Starport  
  174  12:20  Command Center  
  174  12:21  Barracks  
  174  12:22  Barracks  
  174  12:25  Barracks  
  169  12:32  Liberator  
  169  12:33  Liberator  
  169  12:34  Marine, Marauder x2  
  169  12:35  Marine  
  139  12:44  Marine x3, Marauder x2  
  139  12:48  SCV  
  139  12:50  Refinery  
  147  12:51  SCV x2  
  147  12:52  Refinery, SCV, Marine  
  147  12:56  Marauder  
  147  12:57  Starport Reactor  
  153  12:58  Marine x2  

Tags
 
Add a new tag
Caveats
  • Supply blocks, unpowered buildings, or Contaminate may cause inaccurate times.
  • Supply counts are checked every 10 seconds.